Warning! The script has encountered some errors when parsing the replay. Please report them to the . » details
0x00, prev: 0x16: 16 02 01 00 08 88 00 00 D9 A9 00 00 [00] 00 00 00 00 00 00 00 00 00 00 00 00 00 00 00 00 00 00 00 00 00 00 00 03 00
0x00, prev: 0x00: 16 02 01 00 08 88 00 00 D9 A9 00 00 00 00 00 00 00 00 00 00 00 00 00 00 00 00 00 00 00 00 00 00 00 00 [00] 00 03 00
0x00, prev: 0x01: 16 02 03 00 D6 8A 00 00 53 91 00 00 1A 8C 00 00 20 8C 00 00 4C 8C 00 00 52 8C 00 00 00 00 00 00 00 00 00 00 00 00 00 00 00 00 00 00 00 00 00 00 00 00 00 00 01 [00]
0x00, prev: 0x02: 16 02 0B 00 63 87 00 00 71 B5 00 00 E5 81 00 00 E1 83 01 00 15 2F 00 00 F8 30 01 00 54 7C 00 00 BA E1 02 00 CF 7D 00 00 CE 99 01 00 56 7F 00 00 57 B1 01 00 B5 7F 00 00 F3 C4 01 00 23 82 00 00 67 D5 00 00 3F 86 00 00 04 4B 01 00 3B 88 00 00 F7 BF 01 00 94 89 00 00 E2 BD 00 00 00 00 00 00 00 00 00 00 00 00 00 00 00 00 00 00 00 00 00 00 00 00 00 00 02 [00]
General information
- name: BNet
- type: Ladder 1vs1/FFA
- host: Battle.net
- saver: KODOS_FORSAKEN
map: CentaurGrove
- players: 2
- length: 22:56
- speed: Fast
- version: 1.23 W3XP
- replay type: Public
» download(69 KB)
Players
team 1 (winner)

»
KODOS_FORSAKEN (
red | 189 APM | 1537 actions | 08:08)
4 Death Knight
3 Death Coil
1 Unholy Aura
2 Lich
1 Frost Nova
1 Dark Ritual
» actions
| Assign group hotkey | 41 | |
| Basic commands | 21 | |
| Build / train | 70 | |
| ESC pressed | 4 | |
| Enter build submenu | 21 | |
| Enter hero's abilities submenu | 9 | |
| Give item / drop item | 9 | |
| Right click | 595 | |
| Select / deselect | 269 | |
| Select group hotkey | 418 | |
| Use ability | 80 | |
1537 total
» units
| Acolyte | 7 | |
| Ghoul | 4 | |
| Crypt Fiend | 14 | |
| Obsidian Statue | 1 | |
| Goblin Shredder | 1 | |
27 total
» upgrades
| Web | 1 | |
| Creature Attack | 3 | |
| Creature Carapace | 3 | |
7 total
» buildings
| Graveyard | 1 | |
| Crypt | 1 | |
| Altar of Darkness | 1 | |
| Ziggurat | 11 | |
| Tomb of Relics | 2 | |
| Nerubian Tower | 1 | |
| Halls of the Dead | 1 | |
| Sacrificial Pit | 1 | |
| Slaughterhouse | 1 | |
| Spirit Tower | 7 | |
| Black Citadel | 2 | |
| Necropolis | 1 | |
| Temple of the Damned | 1 | |
31 total
» build order
00:07 Graveyard
00:10 Crypt
00:39 Altar of Darkness
00:55 Ziggurat
01:22 Tomb of Relics
02:04 Ziggurat
02:09 Nerubian Tower
05:01 Halls of the Dead
05:46 Ziggurat
06:28 Spirit Tower
08:08 Spirit Tower
» items
| Rod of Necromancy | 2 | |
| Dust of Appearance | 4 | |
| Potion of Lesser Invulnerability | 1 | |
| Scroll of Town Portal | 5 | |
| Orb of Corruption | 1 | |
| Sacrificial Skull | 1 | |
14 total
team 2 (loser)
AnusRider. (
yellow | 240 APM | 1953 actions | 08:08)
3 Blademaster
2 Wind Walk
1 Critical Strike
» actions
| Assign group hotkey | 17 | |
| Build / train | 63 | |
| ESC pressed | 1 | |
| Enter build submenu | 27 | |
| Enter hero's abilities submenu | 3 | |
| Give item / drop item | 4 | |
| Remove unit from queue | 1 | |
| Right click | 786 | |
| Select / deselect | 203 | |
| Select group hotkey | 785 | |
| Use ability | 63 | |
1953 total
» units
| Peon | 10 | |
| Troll Batrider | 12 | |
| Tauren | 2 | |
24 total
» upgrades
| Ranged Weapons | 3 | |
| Liquid Fire | 1 | |
| Armor | 0 | |
| Reinforced Defenses | 1 | |
| Shaman Training | 1 | |
6 total
» buildings
| Altar of Storms | 1 | |
| Orc Burrow | 5 | |
| Voodoo Lounge | 1 | |
| War Mill | 1 | |
| Stronghold | 1 | |
| Watch Tower | 12 | |
| Beastiary | 2 | |
| Fortress | 1 | |
| Tauren Totem | 1 | |
| Spirit Lodge | 3 | |
28 total
» build order
00:11 Altar of Storms
00:15 Orc Burrow
00:50 Voodoo Lounge
01:31 War Mill
02:36 Stronghold
03:03 Watch Tower
03:07 Watch Tower
04:15 Watch Tower
04:16 Watch Tower
05:15 Beastiary
05:16 Beastiary
05:46 Orc Burrow
06:05 Tauren Totem
07:14 Spirit Lodge
07:18 Spirit Lodge
07:22 Spirit Lodge
07:49 Watch Tower
07:51 Watch Tower
07:53 Watch Tower
07:55 Watch Tower
» items
| Healing Salve | 1 | |
| Lesser Clarity Potion | 6 | |
| Scroll of Speed | 1 | |
| Circlet of Nobility | 15 | |
| Boots of Speed | 1 | |
| Orb of Lightning | 1 | |
| Staff of Teleportation | 1 | |
26 total
Chat log
(00:30 / All) AnusRider.: ggl hf :-)
(00:33 / All) KODOS_FORSAKEN: stfu
(00:37 / All) AnusRider.: oha
(00:44 / All) AnusRider.: pro
(00:45 / All) AnusRider.: 2-2
(00:45 / All) AnusRider.: ^^
(00:48 / All) KODOS_FORSAKEN: 0-1
(00:54 / All) AnusRider.: fun acc?
(01:01 / All) KODOS_FORSAKEN: choose orc for "fun"
(01:05 / All) AnusRider.: yes
(01:07 / All) KODOS_FORSAKEN: lets see if you go bm sh for fun
(01:08 / All) AnusRider.: u wil se thehe
(01:08 / All) KODOS_FORSAKEN: dumb noob
(01:12 / All) AnusRider.: fuck you nao!
(01:25 / All) AnusRider.: i play just 4 fun wc3..stopped ladder and stats
(01:30 / All) KODOS_FORSAKEN: k
(01:34 / All) KODOS_FORSAKEN: try not to cookie cut too hard trash
(01:34 / All) AnusRider.: real acc
(01:38 / All) AnusRider.: is
(01:40 / All) AnusRider.: with imba
(01:44 / All) AnusRider.: and better then
(01:45 / All) AnusRider.: 2-2
(01:47 / All) AnusRider.: thahah
(01:50 / All) AnusRider.: dumb noob
(02:06 / All) AnusRider.: ur real acc?
(02:07 / All) AnusRider.: this nooby?
(02:09 / All) AnusRider.: xDDd
(02:12 / All) KODOS_FORSAKEN: same name on east
(02:25 / All) AnusRider.: nap
(04:09 / All) KODOS_FORSAKEN: lol
(04:11 / All) KODOS_FORSAKEN: trash
(04:20 / All) AnusRider.: lol noob
(04:30 / All) AnusRider.: nap
(05:26 / All) AnusRider.: imba mh?
(05:46 / All) KODOS_FORSAKEN: hehe
(05:47 / All) KODOS_FORSAKEN: u can leave now
(05:49 / All) AnusRider.: PRO
(05:59 / All) AnusRider.: no u can leave
(06:01 / All) AnusRider.: u willsee
(06:09 / All) AnusRider.: i play 4 fun
(06:11 / All) AnusRider.: not 4 stat
(06:12 / All) AnusRider.: s
(06:14 / All) AnusRider.: but i will pwn u
(06:15 / All) KODOS_FORSAKEN: you play for lose
(06:15 / All) AnusRider.: nap
(06:16 / All) KODOS_FORSAKEN: dumb noob
(06:28 / All) KODOS_FORSAKEN: rofl
(06:43 / All) AnusRider.: noob
(06:52 / All) KODOS_FORSAKEN: lol
(06:54 / All) KODOS_FORSAKEN: u can leave now
(06:59 / All) AnusRider.: i wont
(07:03 / All) AnusRider.: this is funny nap
(07:24 / All) KODOS_FORSAKEN: was your last game like this toto?
(07:24 / All) KODOS_FORSAKEN: rofl
(07:28 / All) KODOS_FORSAKEN: getting owned with bm bats hacks
(07:32 / All) AnusRider.: no last game me elf
(07:34 / All) KODOS_FORSAKEN: stupid european
(08:08 / All) KODOS_FORSAKEN: lose lose lose lose lose fun Xd